 Dungeon Crawl Stone Soup version 0.18.1-48-g4cf74bf (console) character file.

7261 Kloppie the Cleaver (level 11, -10/104 HPs)
             Began as a Hill Orc Berserker on June 29, 2016.
             Was an Elder of Trog.
             Mangled by tesudzi's ghost (22 damage)
             ... on level 10 of the Dungeon.
             The game lasted 00:16:37 (10593 turns).

Kloppie the Cleaver (Hill Orc Berserker)           Turns: 10593, Time: 00:16:38

Health: -10/104    AC: 23    Str: 26    XL:     11   Next: 12%
Magic:  11/11      EV:  9    Int:  7    God:    Trog [****..]
Gold:   523        SH:  0    Dex: 13    Spells: 0 memorised, 10 levels left

rFire  . . .     SeeInvis .     a - +1 hand axe (drain)
rCold  + . .     Gourm    .     I - +0 chain mail
rNeg   . . .     Faith    .     (no shield)
rPois  .         Spirit   .     e - +2 hat
rElec  .         Dismiss  .     y - +1 cloak
rCorr  .         Reflect  .     x - +1 pair of gloves
SustAt .         Harm     .     (no boots)
MR     ++...                    z - amulet of magic regeneration
Stlth  ..........               G - +5 ring of protection
                                p - ring of protection from cold

@: mighty, exhausted, regenerating, slowed, very slow, very resistant to hostile
enchantments, extremely unstealthy
A: no striking features
a: Berserk, Trog's Hand, Brothers in Arms, Burn Spellbooks, Renounce Religion


You were on level 10 of the Dungeon.
You worshipped Trog.
Trog was greatly pleased with you.
You were very hungry.

You visited 1 branch of the dungeon, and saw 10 of its levels.
You also visited: Sewer.

You collected 523 gold pieces.

Inventory:

Hand Weapons
 a - a +1 hand axe of draining (weapon)
Armour
 e - a +2 hat (worn)
 x - a +1 pair of gloves (worn)
 y - a +1 cloak (worn)
 I - a +0 chain mail (worn)
Jewellery
 p - a ring of protection from cold (left hand)
 z - an amulet of magic regeneration (around neck)
 B - a +1 ring of evasion
 C - a +5 ring of strength
 G - a +5 ring of protection (right hand)
Wands
 E - a wand of flame (10/48)
 H - a wand of teleportation (4/9)
Scrolls
 g - a scroll of enchant weapon
 j - 2 scrolls of remove curse
 o - 3 scrolls of recharging
 q - 3 scrolls of fear
 r - a scroll of immolation
 t - 2 scrolls of fog
 u - 4 scrolls of teleportation
 A - 2 scrolls of magic mapping
 J - 2 scrolls of enchant armour
Potions
 d - a potion of heal wounds {unknown}
 h - 2 potions of curing
 k - 3 potions of might
 l - a potion of magic
 m - 2 potions of lignification
 n - a potion of mutation {unknown}
 v - a potion of degeneration {unknown}
 w - 2 potions of haste {unknown}
 D - a potion of agility {unknown}
 F - 3 potions of brilliance {unknown}
 K - a potion of ambrosia {unknown}
Comestibles
 b - a beef jerky
 c - 9 bread rations
 f - 3 fruits
 i - 5 chunks of flesh
 s - 2 meat rations


   Skills:
 + Level 12.0 Fighting
 + Level 12.9 Axes
 + Level 10.5 Armour
 - Level 1.5 Dodging


You had 10 spell levels left.
You didn't know any spells.

Dungeon Overview and Level Annotations

Branches:
Dungeon (10/15)            Temple (0/1) D:7            Lair (0/8) D:10
    Orc: D:9-12

Altars:
Ashenzari
Cheibriados
Dithmenos
Fedhas
Gozag
Makhleb
Okawaru
Ru
Vehumet
Xom
Yredelemnul
Zin
The Shining One

Annotations:
D:10 tesudzi's ghost, journeyman DsMo


Message History

Tesudzi's ghost hits you!
* * * LOW HITPOINT WARNING * * *
You miss tesudzi's ghost.
Tesudzi's ghost is almost destroyed.
Tesudzi's ghost hits you but does no damage.
You closely miss tesudzi's ghost.
Tesudzi's ghost is almost destroyed.
Tesudzi's ghost hits you!
* * * LOW HITPOINT WARNING * * *
Drink which item? (? for menu, Esc to quit)
You feel better. Tesudzi's ghost completely misses you.
Tesudzi's ghost hits you!
* * * LOW HITPOINT WARNING * * *
Drink which item? (? for menu, Esc to quit)
You feel better. Tesudzi's ghost hits you!
* * * LOW HITPOINT WARNING * * *
Drink which item? (? for menu, Esc to quit)
You feel very mighty all of a sudden. Tesudzi's ghost hits you!!
You die...

#.....#. #.....' #.....# #.....#
##############.....#
#............#.....#
#............#W....# ###
#............#@....# #..
#..................# #..
###..........^.......# #..
..#..................# #..
..#.............##'############..
..#...........................#..
..#...........................'..
..#........>..................#..
..#...........................#..


You could see tesudzi's ghost.

Vanquished Creatures
  The ghost of tape the Transmogrifier, a novice OpTm of Makhleb (D:8)
  The ghost of negentropic the Grappler, a novice TrMo (D:9)
  A centaur zombie (D:10)
  A yak (D:10)
  4 porcupines (D:10)
  5 sky beasts
  3 phantoms
  An orc warrior (D:7)
  3 ice beasts
  An eye of draining (D:10)
  2 necrophages (D:10)
  7 ogres
  2 centaurs
  Blork the orc (D:4)
  A big kobold (D:7)
  8 giant frogs
  A water moccasin zombie (D:5)
  2 wyvern zombies
  3 scorpions
  17 killer bees (D:8)
  2 howler monkeys (D:8)
  2 giant frog zombies
  5 crimson imps
  A quasit (D:8)
  A jelly (D:7)
  A lava snake (D:10)
  A centaur skeleton (D:4)
  3 hounds
  4 orc priests
  4 orc wizards
  3 iguanas
  6 worker ants
  Ijyb (D:2)
  2 hell rats (D:10)
  A hound zombie (D:7)
  A mummy (D:6)
  A howler monkey zombie (D:5)
  Robin (D:4)
  2 howler monkey skeletons
  15 adders
  2 river rats (D:10)
  A shadow imp (D:6)
  An adder skeleton (D:4)
  3 dart slugs
  11 giant geckos
  17 orcs
  5 ball pythons
  9 giant cockroaches
  20 goblins
  12 hobgoblins
  6 jackals
  11 kobolds
  4 quokkas
  7 bats
  A giant gecko zombie (D:8)
  7 giant newts
  A hobgoblin zombie (D:6)
  A jackal zombie (D:8)
  A kobold zombie (D:6)
  A quokka zombie (D:8)
  6 rats
249 creatures vanquished.

Vanquished Creatures (others)
  An orc warrior (D:6)
  A centaur (D:6)
  2 giant frogs (D:6)
  2 jellies (D:8)
  A worker ant (D:6)
  An adder (D:6)
  A worm (D:6)
9 creatures vanquished.

Grand Total: 258 creatures vanquished

Notes
Turn   | Place    | Note
--------------------------------------------------------------
     0 | D:1      | Kloppie the Hill Orc Berserker began the quest for the Orb.
     0 | D:1      | Reached XP level 1. HP: 19/19 MP: 1/1
   251 | D:1      | Reached XP level 2. HP: 18/27 MP: 2/2
   810 | D:1      | Reached XP level 3. HP: 32/33 MP: 3/3
   843 | D:1      | Reached ** piety under Trog
  1626 | D:2      | Noticed Ijyb
  1636 | D:2      | Killed Ijyb
  1636 | D:2      | Reached skill level 5 in Axes
  1636 | D:2      | Reached XP level 4. HP: 33/41 MP: 4/4
  2021 | D:3      | Found an iron altar of Okawaru.
  2477 | D:4      | Noticed a sky beast
  2495 | D:4      | Killed a sky beast
  2495 | D:4      | Reached skill level 5 in Fighting
  2495 | D:4      | Reached XP level 5. HP: 35/48 MP: 5/5
  2671 | D:4      | Noticed Blork the orc
  2684 | D:4      | Killed Blork the orc
  2684 | D:4      | Reached XP level 6. HP: 25/56 MP: 6/6
  3045 | D:4      | Reached *** piety under Trog
  3048 | D:4      | Found a glowing drain.
  3062 | Sewer    | Entered a sewer
  3320 | Sewer    | Reached XP level 7. HP: 46/64 MP: 7/7
  3509 | D:4      | Reached skill level 5 in Armour
  3773 | D:4      | Noticed Robin
  3783 | D:4      | Reached **** piety under Trog
  3792 | D:4      | Killed Robin
  4030 | D:4      | Found a shadowy altar of Dithmenos.
  4148 | D:5      | Entered Level 5 of the Dungeon
  4289 | D:5      | Reached XP level 8. HP: 63/73 MP: 8/8
  4425 | D:5      | You fall through a shaft for 3 floors!
  4804 | D:6      | Found a shimmering altar of Xom.
  5435 | D:6      | Reached XP level 9. HP: 65/82 MP: 9/9
  5734 | D:6      | Found a blossoming altar of Fedhas.
  6461 | D:7      | Reached skill level 10 in Axes
  6489 | D:7      | Found a shimmering altar of Xom.
  6489 | D:7      | Found a basalt altar of Yredelemnul.
  6669 | D:7      | Found a staircase to the Ecumenical Temple.
  7433 | D:7      | Reached skill level 10 in Fighting
  7650 | D:7      | You fall through a shaft!
  7791 | D:8      | Noticed tape's ghost (novice OpTm)
  7813 | D:8      | Killed tape's ghost
  7813 | D:8      | Reached XP level 10. HP: 94/94 MP: 10/10
  8017 | D:8      | Found a sacrificial altar of Ru.
  8861 | D:9      | Found an opulent altar of Gozag.
  8863 | D:9      | Found a glowing golden altar of the Shining One.
  8863 | D:9      | Found a snail-covered altar of Cheibriados.
  8863 | D:9      | Found a shattered altar of Ashenzari.
  8863 | D:9      | Found a glowing silver altar of Zin.
  8864 | D:9      | Found a burning altar of Makhleb.
  8864 | D:9      | Found a sacrificial altar of Ru.
  8865 | D:9      | Noticed negentropic's ghost (novice TrMo)
  8887 | D:9      | Killed negentropic's ghost
  9608 | D:9      | Reached skill level 10 in Armour
  9907 | D:10     | Entered Level 10 of the Dungeon
 10181 | D:10     | Found a staircase to the Lair.
 10208 | D:10     | Reached XP level 11. HP: 103/103 MP: 2/11
 10445 | D:10     | Found a radiant altar of Vehumet.
 10556 | D:10     | Noticed tesudzi's ghost (journeyman DsMo)
 10593 | D:10     | Mangled by tesudzi's ghost

Skill      XL: |  1  2  3  4  5  6  7  8  9 10 11 |
---------------+----------------------------------+-----
Fighting       | 4 5 6 7 8 10 11 12 | 12.0
Axes           | 5 6 7 9 11 12 | 12.9
Armour         | 3 4 5 7 8 10 | 10.5
Dodging        | |  1.5

Action                   |  1- 3 |  4- 6 |  7- 9 | 10-12 || total
-------------------------+-------+-------+-------+-------++-------
Melee: Hand axe          |   118 |   205 |   585 |   468 ||  1376
Invok: Berserk           |     1 |     2 |     5 |     2 ||    10
       Trog's Hand       |       |       |     5 |     7 ||    12
  Use: Scroll            |       |       |    18 |     1 ||    19
       Potion            |       |       |       |     4 ||     4
 Stab: Sleeping          |     3 |       |       |       ||     3
  Eat: Chunk             |     3 |     3 |    19 |     7 ||    32
       Meat ration       |       |     1 |       |     1 ||     2
       Pizza             |       |       |     1 |       ||     1
Armor: Animal skin       |    19 |       |       |       ||    19
       Ring mail         |     9 |    78 |   208 |   127 ||   422
       Chain mail        |       |       |       |    62 ||    62
Dodge: Dodged            |    67 |   128 |   297 |   208 ||   700
